MID
KANE COUNTY COUGARS @ CLINTON LUMBERKINGS
05/23/2099
 
TOP OF THE 1ST
Kane County Cougars batting - Pitching for Clinton LumberKings : RHP Emilio Fioravanti
Pitching: RHP Emilio Fioravanti
Batting: RHB Travis Ramirez 0-0: Called Strike
0-1: Fly out, F8 (Line Drive, 8LD, EV 91.3 MPH)
Batting: LHB Aaron Quintanilla 0-0: Ball
1-0: Ball
2-0: Foul Ball, location: 2F
2-1: Foul Ball, location: 2F
2-2: Ball
3-2: Fly out, F9 (Flyball, 9S, EV 88.1 MPH)
Batting: RHB John Shirley 0-0: Called Strike
0-1: Ball
1-1: Ball
2-1: Ball
3-1: Foul Ball, location: 2F
3-2: Fly out, F3 (Popup, 3SF, EV 68.1 MPH)
Top of the 1st over - 0 runs, 0 hits, 0 errors, 0 left on base; Kane County 0 - Clinton 0
BOTTOM OF THE 1ST
Clinton LumberKings batting - Pitching for Kane County Cougars : RHP Jim Unknown
Pitching: RHP Jim Unknown
Batting: SHB Brent Manske 0-0: SINGLE (Groundball, 4MD, EV 107.5 MPH)
Batting: RHB Manuel Villa 0-0: Called Strike
0-1: Ball
1-1: Swinging Strike
1-2: Strikes out swinging
Batting: LHB William Currea 0-0: DOUBLE (Line Drive, 7LS, EV 105.6 MPH)
Brent Manske to third
Runner from 3rd tries for Home, SAFE, throw by LF to trailing runner, SAFE at third!
Batting: SHB Javy Flores 0-0: SINGLE (Groundball, 6, EV 86.3 MPH)
William Currea scores
Batting: LHB Ramon Boche 0-0: Ball
1-0: Ball
2-0: Ball
3-0: Base on Balls
Javy Flores to second
Pitching: LHP Brian Foody
Batting: RHB Paul Nichols 0-0: Swinging Strike
0-1: Ball
1-1: SINGLE (Groundball, 5S, EV 63.1 MPH)
Javy Flores to third
Ramon Boche to second
Batting: RHB Victor Ramirez 0-0: TRIPLE (Line Drive, 78XD, EV 106.9 MPH)
Javy Flores scores
Ramon Boche scores
Paul Nichols scores
Batting: RHB Byron Coyle 0-0: Ball
1-0: Ball
2-0: Ground out 6-3 (Groundball, 6, EV 88.1 MPH)
Victor Ramirez scores
Batting: RHB Brandon Meston 0-0: Foul Ball, location: 5F
0-1: Swinging Strike
0-2: Ball
1-2: Strikes out swinging
Bottom of the 1st over - 6 runs, 5 hits, 0 errors, 0 left on base; Kane County 0 - Clinton 6
TOP OF THE 2ND
Kane County Cougars batting - Pitching for Clinton LumberKings : RHP Emilio Fioravanti
Batting: SHB Brian Warfel 0-0: Called Strike
0-1: SINGLE (Groundball, 34D, EV 98.1 MPH)
Batting: RHB Luke Arnold 0-0: Foul Ball, location: 3FF
0-1: Ball
1-1: SINGLE (Groundball, 5L, EV 91.3 MPH) (infield hit)
Brian Warfel to second
Batting: LHB Daniel Evans 0-0: Ball
1-0: Fly out, F6 (Line Drive, 6, EV 76.9 MPH)
Lined into DP, 6-4 (Line Drive, 6, EV 76.9 MPH)
Batting: SHB Bobby Chase 0-0: Called Strike
0-1: Ball
Wild Pitch!
Luke Arnold to second
1-1: Ball
2-1: Foul Ball, location: 7LMF
2-2: Foul Ball, location: 2F
2-2: Foul Ball, location: 2RF
2-2: DOUBLE (Line Drive, 7LD, EV 111.3 MPH)
Luke Arnold scores
Batting: RHB Jim Unknown 0-0: Called Strike
0-1: Swinging Strike
0-2: Ball
1-2: Strikes out swinging
Top of the 2nd over - 1 run, 3 hits, 0 errors, 1 left on base; Kane County 1 - Clinton 6
BOTTOM OF THE 2ND
Clinton LumberKings batting - Pitching for Kane County Cougars : LHP Brian Foody
Batting: SHB Brent Manske 0-0: Ball
1-0: Ball
2-0: Ball
3-0: Base on Balls
Batting: RHB Manuel Villa 0-0: Called Strike
0-1: Foul Ball, location: 7LSF
0-2: Foul Ball, location: 23F
0-2: Ball
1-2: Ball
2-2: Strikes out swinging
Batting: LHB William Currea 0-0: Ball
1-0: Ball
2-0: Ball
3-0: Called Strike
3-1: DOUBLE (Line Drive, 7LM, EV 96.9 MPH)
Brent Manske to third
Runner from 3rd tries for Home, SAFE, throw by LF to home
Batting: SHB Javy Flores 0-0: Called Strike
0-1: Ball
1-1: Swinging Strike
1-2: Foul Ball, location: 2F
1-2: Ground out 6-3 (Groundball, 6, EV 107.5 MPH)
Batting: LHB Ramon Boche 0-0: Called Strike
0-1: Ball
1-1: Ball
2-1: Swinging Strike
2-2: Foul Ball, location: 25F
2-2: Foul Ball, location: 7LMF
2-2: Ball
3-2: SINGLE (Line Drive, 56D, EV 101.3 MPH)
William Currea to third
Runner from 3rd tries for Home, SAFE, throw by LF to home
Ramon Boche to second
Batting: RHB Paul Nichols 0-0: Called Strike
0-1: Ball
1-1: Ball
2-1: Called Strike
2-2: Ball
3-2: Foul Ball, location: 7LSF
3-2: Ground out U3 (Groundball, 34D, EV 105.0 MPH)
Bottom of the 2nd over - 2 runs, 2 hits, 0 errors, 1 left on base; Kane County 1 - Clinton 8
TOP OF THE 3RD
Kane County Cougars batting - Pitching for Clinton LumberKings : RHP Emilio Fioravanti
Batting: RHB Jim Unknown 0-0: Ball
1-0: Ball
2-0: Ball
3-0: Base on Balls
Batting: RHB Travis Ramirez 0-0: Called Strike
0-1: Foul Ball, location: 2F
0-2: Ball
1-2: SINGLE (Line Drive, 34D, EV 106.9 MPH)
Jim Unknown to second
Batting: LHB Aaron Quintanilla 0-0: Ball
1-0: Fly out, F8 (Flyball, 78D, EV 79.4 MPH)
Batting: RHB John Shirley 0-0: Called Strike
0-1: Ball
1-1: Foul Ball, location: 3SF
1-2: SINGLE (Line Drive, 9S, EV 100.0 MPH)
Jim Unknown to third
Travis Ramirez to second
Batting: SHB Brian Warfel 0-0: Called Strike
0-1: Ball
1-1: Ball
2-1: Ball
3-1: Fielders Choice at 2nd, 5-4 (Groundball, 5, EV 83.1 MPH)
Jim Unknown scores
Travis Ramirez to third
Batting: RHB Luke Arnold 0-0: Ball
1-0: Ball
2-0: Fly out, F9 (Flyball, 89S, EV 90.6 MPH)
Top of the 3rd over - 1 run, 2 hits, 0 errors, 2 left on base; Kane County 2 - Clinton 8
BOTTOM OF THE 3RD
Clinton LumberKings batting - Pitching for Kane County Cougars : LHP Brian Foody
Batting: RHB Victor Ramirez 0-0: Called Strike
0-1: Ball
1-1: Swinging Strike
1-2: Strikes out swinging
Batting: RHB Byron Coyle 0-0: Ball
1-0: Foul Ball, location: 2F
1-1: Foul Ball, location: 5F
1-2: Foul Ball, location: 23FF
1-2: Strikes out looking
Batting: RHB Brandon Meston 0-0: Foul Ball, location: 23FF
0-1: Foul Ball, location: 9LSF
0-2: Strikes out swinging
Bottom of the 3rd over - 0 runs, 0 hits, 0 errors, 0 left on base; Kane County 2 - Clinton 8
TOP OF THE 4TH
Kane County Cougars batting - Pitching for Clinton LumberKings : RHP Emilio Fioravanti
Batting: LHB Daniel Evans 0-0: Called Strike
0-1: Ball
1-1: SINGLE (Groundball, 4MD, EV 94.4 MPH)
Batting: SHB Bobby Chase 0-0: Ball
1-0: Swinging Strike
1-1: Swinging Strike
1-2: Fly out, F7 (Flyball, 78S, EV 80.6 MPH)
Batting: RHB Jim Unknown 0-0: SINGLE (Groundball, 56, EV 100.6 MPH)
Daniel Evans to second
Batting: RHB Jim Unknown 0-0: Foul Ball, location: 5F
0-1: Fly out, F7 (Flyball, 78M, EV 91.9 MPH)
Batting: RHB Travis Ramirez 0-0: Called Strike
0-1: Swinging Strike
0-2: Foul Ball, location: 2F
0-2: Strikes out swinging
Top of the 4th over - 0 runs, 2 hits, 0 errors, 2 left on base; Kane County 2 - Clinton 8
BOTTOM OF THE 4TH
Clinton LumberKings batting - Pitching for Kane County Cougars : LHP Brian Foody
Batting: SHB Brent Manske 0-0: Called Strike
0-1: Called Strike
0-2: Foul Ball, location: 9LDF
0-2: Ball
1-2: Fly out, F9 (Flyball, 9D, EV 82.5 MPH)
Batting: RHB Manuel Villa 0-0: Fly out, F9 (Flyball, 89M, EV 92.5 MPH)
Batting: LHB William Currea 0-0: Called Strike
0-1: Ball
1-1: Ball
2-1: Ball
3-1: Base on Balls
Batting: SHB Javy Flores 0-0: Swinging Strike
0-1: Ball
1-1: Foul Ball, location: 3SF
1-2: SINGLE (Flyball, 34D, EV 90.6 MPH)
William Currea to second
Runner from 2nd tries for 3rd, SAFE, no throw by RF
Batting: LHB Ramon Boche 0-0: Foul Ball, location: 2F
0-1: Ball
1-1: Called Strike
1-2: Ball
2-2: Foul Ball, location: 5F
2-2: Strikes out swinging
Bottom of the 4th over - 0 runs, 1 hit, 0 errors, 2 left on base; Kane County 2 - Clinton 8
TOP OF THE 5TH
Kane County Cougars batting - Pitching for Clinton LumberKings : RHP Emilio Fioravanti
Batting: LHB Aaron Quintanilla 0-0: Ball
1-0: SINGLE (Line Drive, 5D, EV 105.0 MPH)
Batting: RHB John Shirley 0-0: Called Strike
0-1: Swinging Strike
0-2: Grounds into double play, 6-4-3 (Groundball, 6, EV 85.0 MPH)
Pitching: RHP Enrique Espinoza
Batting: SHB Brian Warfel 0-0: Swinging Strike
0-1: Ball
1-1: Ground out U3 (Groundball, 3L, EV 101.9 MPH)
Top of the 5th over - 0 runs, 1 hit, 0 errors, 0 left on base; Kane County 2 - Clinton 8
BOTTOM OF THE 5TH
Clinton LumberKings batting - Pitching for Kane County Cougars : LHP Brian Foody
Batting: RHB Paul Nichols 0-0: Ball
1-0: Ball
2-0: Ball
3-0: Called Strike
3-1: Fly out, F8 (Flyball, 8LD, EV 99.4 MPH)
Batting: RHB Victor Ramirez 0-0: Called Strike
0-1: Fly out, F7 (Flyball, 7, EV 90.0 MPH)
Batting: RHB Byron Coyle 0-0: Called Strike
0-1: Called Strike
0-2: Ball
1-2: Foul Ball, location: 3DF
1-2: Strikes out swinging
Bottom of the 5th over - 0 runs, 0 hits, 0 errors, 0 left on base; Kane County 2 - Clinton 8
TOP OF THE 6TH
Kane County Cougars batting - Pitching for Clinton LumberKings : RHP Enrique Espinoza
Batting: RHB Luke Arnold 0-0: Called Strike
0-1: Ball
1-1: Swinging Strike
1-2: Ball
2-2: Ball
3-2: Ground out 1-3 (Groundball, 13S, EV 70.0 MPH)
Batting: LHB Daniel Evans 0-0: Ball
1-0: Ball
2-0: Ball
3-0: Base on Balls
Batting: SHB Bobby Chase 0-0: Called Strike
0-1: Ball
1-1: Ball
2-1: Foul Ball, location: 5SF
2-2: Ball
3-2: Strikes out swinging
Batting: RHB Jim Unknown 0-0: Ball
1-0: Called Strike
1-1: Called Strike
1-2: Foul Ball, location: 2F
1-2: Foul Ball, location: 2F
1-2: Strikes out swinging
Top of the 6th over - 0 runs, 0 hits, 0 errors, 1 left on base; Kane County 2 - Clinton 8
BOTTOM OF THE 6TH
Clinton LumberKings batting - Pitching for Kane County Cougars : LHP Brian Foody
Pitching: RHP Jim Unknown
Batting: RHB Brandon Meston 0-0: Ball
1-0: Ball
2-0: Called Strike
2-1: Foul Ball, location: 2F
2-2: Foul Ball, location: 9LDF
2-2: Ground out 5-3 (Groundball, 56, EV 100.0 MPH)
Batting: SHB Brent Manske 0-0: Ball
1-0: Ball
2-0: Foul Ball, location: 9LMF
2-1: Ground out U3 (Groundball, 34, EV 100.6 MPH)
Batting: RHB Manuel Villa 0-0: Swinging Strike
0-1: Ball
1-1: DOUBLE (Flyball, 78D, EV 111.9 MPH)
Batting: LHB William Currea 0-0: Ball
1-0: Foul Ball, location: 2F
1-1: Ball
2-1: Swinging Strike
2-2: Strikes out looking
Bottom of the 6th over - 0 runs, 1 hit, 0 errors, 1 left on base; Kane County 2 - Clinton 8
TOP OF THE 7TH
Kane County Cougars batting - Pitching for Clinton LumberKings : RHP Enrique Espinoza
Batting: RHB Jim Unknown 0-0: Called Strike
0-1: Ball
1-1: Ball
2-1: Foul Ball, location: 5FF
2-2: Ball
3-2: Strikes out swinging
Batting: RHB Travis Ramirez 0-0: Ball
1-0: Called Strike
1-1: Ground out 5-3 (Groundball, 56S, EV 83.1 MPH)
Batting: LHB Aaron Quintanilla 0-0: Foul Ball, location: 2F
0-1: Ball
1-1: Foul Ball, location: 7LDF
1-2: Strikes out swinging
Top of the 7th over - 0 runs, 0 hits, 0 errors, 0 left on base; Kane County 2 - Clinton 8
BOTTOM OF THE 7TH
Clinton LumberKings batting - Pitching for Kane County Cougars : RHP Jim Unknown
Batting: SHB Javy Flores 0-0: Ball
1-0: Ball
2-0: Ball
3-0: Called Strike
3-1: Base on Balls
Batting: LHB Ramon Boche 0-0: Called Strike
0-1: Fly out, F5 (Popup, 5, EV 61.3 MPH)
Batting: RHB Paul Nichols 0-0: Ground out 4-3 (Groundball, 4MS, EV 93.1 MPH)
Javy Flores to second
Batting: RHB Victor Ramirez 0-0: Swinging Strike
0-1: Ground out 6-3 (Groundball, 6, EV 77.5 MPH)
Bottom of the 7th over - 0 runs, 0 hits, 0 errors, 1 left on base; Kane County 2 - Clinton 8
TOP OF THE 8TH
Kane County Cougars batting - Pitching for Clinton LumberKings : RHP Enrique Espinoza
Batting: RHB John Shirley 0-0: Ball
1-0: Called Strike
1-1: Ball
2-1: Fly out, F8 (Flyball, 8LXD, EV 110.0 MPH)
Batting: SHB Brian Warfel 0-0: Called Strike
0-1: Ball
1-1: DOUBLE (Flyball, 8LXD, EV 90.0 MPH)
Pitching: RHP Michael Acosta
Batting: RHB Luke Arnold 0-0: Ground out 6-3 (Groundball, 6, EV 79.4 MPH)
Batting: LHB Daniel Evans 0-0: Ball
1-0: Called Strike
1-1: Swinging Strike
1-2: Foul Ball, location: 2F
1-2: Ball
2-2: Foul Ball, location: 2F
2-2: Foul Ball, location: 2RF
2-2: Ground out 3-1 (Groundball, 34S, EV 73.1 MPH)
Top of the 8th over - 0 runs, 1 hit, 0 errors, 1 left on base; Kane County 2 - Clinton 8
BOTTOM OF THE 8TH
Clinton LumberKings batting - Pitching for Kane County Cougars : RHP Jim Unknown
Batting: RHB Byron Coyle 0-0: Swinging Strike
0-1: Ball
1-1: Fly out, F5 (Popup, 5SF, EV 68.8 MPH)
Batting: RHB Brandon Meston 0-0: Ball
1-0: Swinging Strike
1-1: Ground out 6-3 (Groundball, 6, EV 85.0 MPH)
Batting: SHB Brent Manske 0-0: Ball
1-0: Ball
2-0: Fly out, F4 (Popup, 4, EV 65.0 MPH)
Bottom of the 8th over - 0 runs, 0 hits, 0 errors, 0 left on base; Kane County 2 - Clinton 8
TOP OF THE 9TH
Kane County Cougars batting - Pitching for Clinton LumberKings : RHP Michael Acosta
Batting: SHB Bobby Chase 0-0: Swinging Strike
0-1: Fly out, F7 (Flyball, 7LSF, EV 95.0 MPH)
Pinch Hitting: LHB Luis Alvarez 0-0: Foul Ball, location: 23F
0-1: Ball
1-1: Ball
2-1: Ball
3-1: Base on Balls
Batting: RHB Jim Unknown 0-0: Called Strike
0-1: Fielders Choice at 2nd, 5-4 (Groundball, 56, EV 83.8 MPH)
Batting: RHB Travis Ramirez 0-0: Swinging Strike
0-1: Ball
1-1: Called Strike
1-2: Foul Ball, location: 2F
1-2: Strikes out swinging
Top of the 9th over - 0 runs, 0 hits, 0 errors, 1 left on base; Kane County 2 - Clinton 8
Tuesday, May 7th , 2024 - OOTP Baseball 24.11 Build 85